 Dungeon Crawl Stone Soup version 0.30.0-10-gfe55d96785 (webtiles) character file.

Game seed: 15117126804956013755

67 Jarnaxa the Slasher (level 4, 35/35 HPs)
             Began as a Demonspawn Monk on May 14, 2023.
             Quit the game on level 2 of the Dungeon.
             The game lasted 00:01:51 (1443 turns).

Jarnaxa the Slasher (Demonspawn Monk)               Turns: 1443, Time: 00:01:52

Health: 35/35      AC:  9    Str: 13    XL:     4   Next: 0%
Magic:  4/4        EV:  8    Int: 11    God:
Gold:   111        SH:  0    Dex: 22    Spells: 3/3 levels left

rFire   . . .        a - +0 falchion
rCold   . . .        d - orb {light}
rNeg    . . .        f - +0 chain mail
rPois   .            o - +0 helmet
rElec   .            (no cloak)
rCorr   .            (no gloves)
SInv    .            (no boots)
Will    .....        (no amulet) Stlth
                     m - +6 ring of dexterity
HPRegen 0.25/turn    (no ring)
MPRegen 0.09/turn

%: no passive effects
@: glowing
A: hooves 1, powered by pain 1
a: no special abilities


You were on level 2 of the Dungeon.
You visited 1 branch of the dungeon, and saw 2 of its levels.

You collected 111 gold pieces.

Inventory:

Hand Weapons
 a - a +0 falchion (weapon)
Armour
 d - an orb of light (worn)
 f - a +0 chain mail (worn)
 o - a +0 helmet (worn)
Jewellery
 m - a +6 ring of dexterity (left hand)
Scrolls
 b - a scroll of torment {unknown}
 g - a scroll of vulnerability {unknown}
 i - a scroll of magic mapping {unknown}
 j - 2 scrolls of poison {unknown}
 n - a scroll of immolation {unknown}
 p - a scroll of fog {unknown}
 q - a scroll of silence {unknown}
Potions
 c - a potion of ambrosia
 e - 2 potions of might {unknown}
 h - a potion of haste {unknown}
 k - 2 potions of curing {unknown}
 l - a potion of degeneration {unknown}


   Skills:
 + Level 3.4 Fighting
 + Level 3.5 Long Blades
 + Level 0.6 Armour
 + Level 3.2 Dodging


You had 3 spell levels left.
You didn't know any spells.
Your spell library contained the following spells:

 Spells                   Type           Power      Damage    Failure   Level
 Sticky Flame             Conj/Fire      0%         2d3       100%        4
 Plasma Beam              Fire/Air       0%         2x1d11    100%        6
 Orb of Destruction       Conj           0%         9d5       100%        7


Dungeon Overview and Level Annotations

Branches:
Dungeon (2/15)

Altars:

Shops:
D:2 [


Innate Abilities, Weirdness & Mutations

You have large cloven feet.
You sometimes gain a little power by taking damage.


Message History

No target in view!
No target in view!
No target in view!
No target in view!
No target in view!
You see here a quokka corpse.
A rat comes into view.
A rat is nearby!
You hit the rat.
You kill the rat!
No target in view!
No target in view!
No target in view!
No target in view!
No target in view!
No target in view!
No target in view!
No target in view!
No target in view!
No target in view!
No target in view!
No target in view!
An adder comes into view.
The adder hisses angrily.
An adder is nearby!
You hit the adder. You kick the adder, but do no damage.
The adder is heavily wounded.
The adder bites you but does no damage. The adder barely misses you.
You hit the adder but do no damage.
The adder is heavily wounded.
The adder bites you but does no damage.
You barely miss the adder. You kick the adder.
The adder is almost dead.
The adder bites you but does no damage.
You slash the adder!
You kill the adder!
You have reached level 4!
You feel agile.
Your demonic ancestry asserts itself...
You feel energised by your suffering.
Are you sure you want to abandon this character and quit the game? (Confirm with "yes".)

## ## .##
####!###.#######
..............##
#.##.$..†......
#......@# #.#
##.#.#.## ..#
#.....# ###
.##.##.....#
...........#
####
###.####.#.#
.... . #.#.####
#### #.#....#
#.####.#


There were no monsters in sight!

Vanquished Creatures
  2 adders (D:2)
  4 dart slugs
  3 endoplasms (D:1)
  2 giant cockroaches
  4 goblins (D:1)
  4 hobgoblins
  3 quokkas
  4 ball pythons
  3 bats (D:2)
  6 frilled lizards
  2 kobolds (D:1)
  7 rats
44 creatures vanquished.

Notes
Turn   | Place    | Note
-------+----------+-------------------------------------------
     0 | D:1      | Jarnaxa the Demonspawn Monk began the quest for the Orb.
     0 | D:1      | Reached XP level 1. HP: 18/18 MP: 1/1
   160 | D:1      | Gained mutation: You have large cloven feet. [demonic
                  | ancestry]
   160 | D:1      | Reached XP level 2. HP: 19/24 MP: 2/2
   405 | D:1      | Got the Meditations on the Fifth Circle and the Inferno
   967 | D:2      | Reached XP level 3. HP: 29/29 MP: 3/3
  1259 | D:2      | Found Poudokk's Armour Boutique.
  1443 | D:2      | Gained mutation: You sometimes gain a little power by
                  | taking damage. [demonic ancestry]
  1443 | D:2      | Reached XP level 4. HP: 35/35 MP: 4/4
  1443 | D:2      | Quit the game

Illustrated notes

Levels and vault maps discovered:
D:1:      scummos_arrival_hexagon, layout_loops_corners, dk_noncrumbling_3
D:2:      layout_loops_ring, serial_shops, shop, grunt_decor_clamped

Skill      XL: |  1  2 |
---------------+-------+-----
Long Blades    | 3 |  3.5
Dodging        | 3 |  3.2
Fighting       | |  3.4
Armour         | |  0.6

Action                     |  1- 3 |  4- 6 || total
---------------------------+-------+-------++-------
  Melee: Falchion          |    98 |       ||    98
         Kick              |    19 |       ||    19
 Armour: Chain mail        |    58 |       ||    58
  Dodge: Dodged            |    19 |       ||    19
